AoeStats
← Maximo10

Black Forest

509523962Analyzed
2v2 RM · 7d ago on Sep 27, 2026· 33m 14s· 4 players
Game mode
Random Map
Map size
Medium (4 player)
Population
200
Speed
Normal
Resources
Standard
Victory
Conquest
Starting age
Dark Age
Ending age
Imperial Age
RankedLock teamsTeams togetherTeam positionsShared explorationLock speedFull tech treeHidden civsTurbo modeCheats
Victory
Defeat
🇹🇼 Spanish · Taiwan
894
+22
🇨🇱 Vietnamese · Chile
813
+16
🇦🇷 Saxons · Argentina
824
-15
🇦🇷 Spanish · Argentina
793
-13
艾斯
0:26 Loom
13:36 Feudal Age
20:29 Castle Age
19:53 Bloodlines
19:52 Double-Bit Axe
20:10 Horse Collar
26:35 Husbandry
35:06 Imperial Age
Maximo10
3:58 Loom
13:53 Feudal Age
18:32 Castle Age
18:30 Double-Bit Axe
18:42 Horse Collar
19:37 Bow Saw
21:08 Town Watch
25:59 Wheelbarrow
25:41 Fletching
28:46 Bodkin Arrow
32:15 Padded Archer Armor
32:38 Ballistics
31:59 Treadmill Crane
Kenway7332
1:13 Loom
13:35 Feudal Age
20:41 Castle Age
23:44 Arson
25:04 Scale Mail Armor
27:37 Double-Bit Axe
elchori3105
0:47 Loom
11:12 Feudal Age
11:41 Double-Bit Axe
11:38 Horse Collar
18:07 Castle Age
24:30 Fishing Lines
27:49 Bow Saw
28:38 Gillnets
32:52 Imperial Age
30:57 Wheelbarrow
30:11 Town Watch
31:20 Fletching
31:36 Husbandry
31:45 Stone Mining
31:31 Elite Skirmisher
Connection lost

Rejoining the realm…

Still unreachable

The connection could not be restored.

Session expired

The server has moved on; the page needs a fresh start.